Cogmind - Beta 13 @@@ ROGUE MODE // 2024.03.22 @ 10:56:16 Player: Julie Result: Destroyed by D-53 Grenadier with Mini Grenade Launcher Performance ------------- Evolutions (0) 0 Regions Visited (0) 0 Robots Destroyed (1) 5 Value Destroyed (7) 7 Prototype IDs (0) 0 Alien Tech Used (0) 0 Bonus (0) 0 TOTAL SCORE: 12 Bonus ------- None Cogmind --------- Core Integrity 0/250 Matter 297/300 Energy 100/100 System Corruption 5% Temperature Cool (0) Movement Core (100) Ox1 Location -11/Scrapyard Parts ------- > --- POWER (1) -------- (None) > --- PROPULSION (2) --- (None) > --- UTILITY (2) ------ Small Storage Unit > --- WEAPON (2) ------- (None) > --- INVENTORY (8) ---- Light Ion Engine Light Treads Light Treads Small Laser Peak State ------------ > --- POWER ------------ Ion Engine > --- PROPULSION ------- Aluminum Leg Aluminum Leg > --- UTILITY ---------- Small Storage Unit > --- WEAPON ----------- EM Pulse Gun Small Laser > --- INVENTORY -------- Light Ion Engine Light Treads Light Treads [Rating: 6] Favorites ----------- Power Ion Engine Engine Ion Engine Propulsion Aluminum Leg Leg Aluminum Leg Utility Small Storage Unit Storage Small Storage Unit Weapon EM Pulse Gun Energy Gun EM Pulse Gun Build | -11 ------- Run | Yrd Slots Evolved . | . Power . | . Propulsion . | . Utility . | . Weapon . | . Parts Attached 8 | 8 Power 2 | 2 Engine 2 | 2 Core . | . Reactor . | . Propulsion 2 | 2 Treads . | . Leg 2 | 2 Wheel . | . Hover . | . Flight . | . Utility 1 | 1 Device . | . Storage 1 | 1 Processor . | . Hackware . | . Protection . | . Artifact . | . Weapon 3 | 3 Energy Gun 3 | 3 Energy Cannon . | . Ballistic Gun . | . Ballistic Cannon . | . Launcher . | . Special Weapon . | . Impact Weapon . | . Slashing Weapon . | . Piercing Weapon . | . Special Melee Weapon . | . Unidentified Prototypes . | . Parts Lost 5 | 5 Power 1 | 1 Propulsion 2 | 2 Utility . | . Weapon 2 | 2 Highest Loss Streak 5 | 5 To Critical Strikes . | . Average Slot Usage (%) . | . Naked Turns . | . Heaviest Build 14 | 14 Greatest Support 20 | 20 Greatest Overweight (x) 4 | 4 Average Overweight (x) . | . Largest Inventory Capacity 8 | 8 Average Capacity 7 | 7 Most Carried 4 | 4 Average Carried 3 | 3 Final Capacity 8 | 8 Final Carried 4 | 4 Class Distribution -------------------- None Dominant Class ---------------- None Resources | -11 ----------- Run | Yrd Matter Collected 252 | 252 Remotely . | . Salvage Created 8 | 8 Parts . | . Haulers Intercepted . | . Recyclers Shooed . | . Parts Field Recycled . | . Retrieved Matter . | . Parts Self-Destructed . | . Prevented . | . Kills | -11 ------- Run | Yrd Combat Hostiles Destroyed . | . Classes Destroyed 1 | 1 Tunneler 1 | 1 Best Kill Streak 1 | 1 Combat Bots Only . | . Max Kills in Single Turn 1 | 1 Gunslinging . | . Exploded . | . Melee . | . Uniques/NPCs Destroyed . | . Combat | -11 -------- Run | Yrd Hostile Shots Fired 53 | 53 Missed 14 | 14 Damage Taken 727 | 727 Core 254 | 254 Absorbed by Shields . | . Core Remaining (%) . | . Volleys Fired 5 | 5 Largest 2 | 2 Hottest 90 | 90 Shots Fired 8 | 8 Gun 8 | 8 Cannon . | . Launcher . | . Special . | . Kinetic . | . Thermal 6 | 6 Explosive . | . Electromagnetic 2 | 2 Robot Hit Streak 1 | 1 Robot Miss Streak 7 | 7 Penetration Max . | . Secondary Targets . | . Shots Hit Robots 1 | 1 Core Hits 3 | 3 Critical Kills . | . Critical Parts Destroyed . | . Critical Strikes . | . Melee Attacks . | . Impact . | . Slashing . | . Piercing . | . Sneak Attacks . | . Combat Hostiles . | . Follow-up Attacks . | . Damage Inflicted 61 | 61 Guns 61 | 61 Cannons . | . Explosions . | . Melee . | . Ramming . | . Kinetic . | . Thermal 48 | 48 Explosive . | . Electromagnetic 13 | 13 Impact . | . Slashing . | . Piercing . | . Highest Corruption 5 | 5 Average Corruption 4 | 4 Corruption Purged . | . Corruption Blocked . | . Effects 1 | 1 Misfires 1 | 1 Overload Shots . | . Overflow Damage . | . Projectiles . | . Explosions . | . Melee . | . Knockbacks . | . Impact . | . Kinetic . | . Secondary . | . Self-Inflicted Damage . | . Shots . | . Rammed . | . Targets Rammed . | . Kicked . | . Crushed . | . Highest Temperature 145 | 145 Average Temperature 93 | 93 Received Heat Transfer 240 | 240 Siege Activations . | . Robots Corrupted . | . Combat Hostiles . | . Parts Fried 1 | 1 Impact Corruptions . | . Robots Melted . | . Combat Hostiles . | . Parts Melted . | . Heat Transferred 148 | 148 Parts Sabotaged . | . Parts Stolen . | . Parts Stripped . | . Power Chain Reactions . | . Alert | -11 ------- Run | Yrd Peak Influence 5 | 5 Initial . | . Average . | . Maximum Alert Level . | . Low Security (%) 100 | 100 Level 1 . | . Level 2 . | . Level 3 . | . Level 4 . | . Level 5 . | . High Security . | . Max Security . | . Squads Dispatched . | . Investigation . | . Extermination . | . Reinforcement . | . Assault . | . Garrison . | . Intercept . | . Searches Triggered . | . Construction Impeded . | . Haulers Reinforced . | . Active Scanning Responses . | . Cargo Convoy Interrupts . | . Stealth | -11 --------- Run | Yrd Distress Signals . | . Communications Jammed . | . Distress Signals . | . Times Spotted 22 | 22 Peak Tracking Total 22 | 22 Tactical Retreats . | . Traps | -11 ------- Run | Yrd Traps Triggered . | . Indirectly . | . Trap Hack Attempts . | . Triggered . | . Disarmed . | . Reprogrammed . | . Reused . | . Traps Extracted . | . Installed . | . Triggered . | . Machines | -11 ---------- Run | Yrd Machines Disabled . | . Max in Single Turn . | . Machines Repaired . | . Machines Dismantled . | . Machines Sabotaged . | . Overloaded Fab Kills . | . Hacking | -11 --------- Run | Yrd Machines Accessed . | . Terminals . | . Fabricators . | . Repair Stations . | . Recycling Units . | . Scanalyzers . | . Garrison Access . | . Total Hacks . | . Successful . | . Failed . | . Catastrophic . | . Database Lockouts . | . Manual . | . Terminals . | . Fabricators . | . Repair Stations . | . Recycling Units . | . Scanalyzers . | . Garrison Access . | . Terminal Hacks . | . Fabricator Hacks . | . Repair Station Hacks . | . Recycling Unit Hacks . | . Scanalyzer . | . Garrison Access Hacks . | . Unauthorized Hacks . | . Terminals . | . Fabricators . | . Repair Stations . | . Recycling Units . | . Scanalyzers . | . Garrison Access . | . Data Cores Recovered . | . Used . | . Hacking Detections . | . Full Trace Events . | . Feedback Events . | . Feedback Blocked . | . Robot Schematics Acquired . | . Robots Built . | . Authchips . | . Time . | . Total Robot Build Rating . | . Part Schematics Acquired . | . Parts Built . | . Authchips . | . Time . | . Total Part Build Rating . | . Parts Repaired . | . Time . | . Parts Recycled . | . Recycled Matter . | . Retrieved Matter . | . Retrieved Components . | . Parts Scanalyzed . | . Part Schematics Acquired . | . Parts Damaged . | . Bothacking | -11 ------------ Run | Yrd Used RIF Installer . | . Robots Hacked . | . Non-combat . | . Combat . | . Robot Hacks Applied . | . Relay Couplers Released . | . Fabnet Peak Effective % . | . Robots Rewired . | . Allies Hacked . | . Hacks Repelled . | . Allies | -11 -------- Run | Yrd Total Allies . | . Largest Group . | . Highest-Rated Group . | . Highest-Rated Ally . | . Total Orders . | . Ally Attacks . | . Total Damage . | . Kills . | . Allies Corrupted . | . Allies Melted . | . Intel | -11 ------- Run | Yrd Robot Analysis Total . | . Derelict Logs Recovered . | . Drone Launches . | . Drone Recoveries . | . Exploration | -11 ------------- Run | Yrd Turns Passed 2110 | 2110 Spaces Moved 216 | 216 Core 40 | 40 Treads . | . Legs 176 | 176 Wheels . | . Hover . | . Flight . | . Fastest Speed 50 | 50 Average Speed 129 | 129 Slowest Speed 250 | 250 Overloaded Moves . | . Propulsion Burnouts . | . Robots Hopped . | . Cave-ins Triggered . | . Exploration Rate (%) 31 | 31 Regions Visited . Branch Regions . Pre-discovered Areas . | . Known Exits Taken . | . Unknown Exits Taken . | . Scrap Searched . | . Spaces Dug . | . Terrain Destroyed . | . Melee . | . Projectile . | . AOE . | . Terrain Rammed . | . Walls Destroyed . | . Machines Disabled . | . Actions | -11 --------- Run | Yrd Total 2036 | 2036 Wait 1804 | 1804 Move 216 | 216 Hop . | . Pick Up 2 | 2 Fast Attach 7 | 7 Attach . | . Detach 1 | 1 Swap 1 | 1 Drop . | . Fire 5 | 5 Melee . | . Ram . | . Kick . | . Crush . | . Escape Stasis . | . Rewire . | . Trap . | . Miscellaneous . | . Route ------- -11/Scrapyard (discovered 1 exit: [*Mat]) History --------- Turn | Location | Event 2 | -11/Scrapyard | Met Revision 17 21 | -11/Scrapyard | Discovered new exit (range 16) 2069 | -11/Scrapyard | Assembled infested the area 2091 | -11/Scrapyard | Core integrity fell below 50% 2103 | -11/Scrapyard | Core integrity fell below 20% 2111 | -11/Scrapyard | Destroyed by D-53 Grenadier with Mini Grenade Launcher Last Messages --------------- 02103_ as-56937 destroyed. 02103_ as-20812 destroyed. 02103_ as-97627 destroyed. 02103_ as-46752 destroyed. 02103_ as-96023 destroyed. 02103_ as-00725 destroyed. 02105_ K-01 Serf collects debris. 02106_ as-88940 destroyed. 02106_ as-61984 destroyed. 02106_ as-94449 destroyed. 02106_ as-00028 destroyed. 02106_ as-08686 destroyed. 02106_ as-55824 destroyed. 02106_ as-30618 destroyed. 02107_ The unstable cave ceiling collapses. 02108_ as-50688 destroyed. 02108_ as-73376 destroyed. 02108_ as-31828 destroyed. 02109_ K-01 Serf collects debris. 02109_ as-87480 destroyed. Map ----- +----------------------------------------------------+ | ???????????????????????????? "???????????????? | | ????????????????????????????? " ???????????????? | | ????????????????????????????? " ???????????????? | | ????????????????????????????? "????????????????? | | ??????????????????????????????" ????????????????? | | ?????????????????????????????? ????????????????? | | ??????????????????????????????# ????????????????? | | ?????????????????############## ##???????????????? | | ?????????????????# # #???????????????? | | ?????????????????# # #???????????????? | | ?????????????????# #???????????????? | | ?????????????????# # #???????????????? | | ?????????????????# ##??????????????? | | ?????????????????############# ##?????????????? | | ????????????????????????????## ##????????????? | | ????????????????????????????# %% #????????????? | | ????????????????????????????# ##???????????? | | ????????????????????????????# % #???????????? | | ????????????????????????????# #????######??? | | ???????????????????????????## #????# #??? | | ???????????????????????????# ###### #??? | | ???????????????????????????# ## #### | | ???????????????????????????? d ## ## | | ?????????? ########### d ## ## | | ?????????? k % ## ## | | ?????????? @ ## ## | | ?????????????????############## # ## ## | | ?????????????????????????????## ######### ## | | ?????????????????????????????# ########## ##### | | ?????????????????????????????# | | ?????????????????????????????# | | ?????????????????????????????# ################ | | ????????????????????????##???######??????????# | | ????????????????????????# ####???????????????# | | ????????????????????????# # #???????????????# | | ????????????????????????# #???????????????# | | ????????????????????????# # #???????????????# | | ????????????????????????# #?????????????????# | | ?????????????????????#### ####??????????????##### | | ????????##########???# #??????????????????? | | ????????# #???# #????###???????????? | | ????????# #???# ###### #???????????? | | ?????#### = ##### ############# | | ?????# = | | ?????? ##### | | ??????### ##### < #???# ###### | | ????????# #???# #???# #???# | | ????????# #???##########???# ## #???# | | ????????#### ####????????????????###??#####???# | | ???????????# #????????????????????????????????# | +----------------------------------------------------+ Best States ------------- Heat Dissipation 25 Energy Generation 10 Energy Capacity 250 Matter Stores 297 Matter Capacity 300 Sight Range 16 Terrain Scan Density 10 Evasion (%) 55 Item Schematics ----------------- None Robot Schematics ------------------ None Fabricated ------------ Nothing Alien Tech Used ----------------- None Achievements -------------- Curiosity Killed The Cat Hunted Challenges ------------ None Game ------ Seed CargoRestorationGenerator Manual? 0 Play Time 00:08:40 Cumulative 12.0 hours Start 2024.03.22 @ 10:51:52 End 2024.03.22 @ 10:56:16 Sessions 0 Manual Loads 0 Difficulty Rogue Special Mode None Game No. 36 Rogue 36 Adventurer 0 Explorer 0 Win Type - Total 0 Types 0/0/0/0/0/0/0/0/0 Lore% 11 Gallery% 18 Achievement% 13 Wizard Run 0 Options --------- Layout 1 ASCII 0 Keyboard 1 Movement Numpad Keybinds 0 Fullscreen 2 Font 24/Terminus Map View 50x35 Zoom Use 0% Tactical HUD 1 Map Filters NONE Filters NONE Steam 1 RUN: f60c0c85-34a6-490f-9d09-8ea7dc25de11